 Dungeon Crawl Stone Soup version 0.19.5 (webtiles) character file.

98347 Lostpass the Carver (level 15, -12/108 HPs)
             Began as a High Elf Skald on Mar 13, 2017.
             Was a High Priest of Okawaru.
             Mangled by a phantasmal warrior (24 damage)
             ... led by a death knight
             ... on level 11 of the Dungeon on Mar 14, 2017.
             The game lasted 04:17:19 (21410 turns).

Lostpass the Carver (High Elf Skald)               Turns: 21410, Time: 04:17:20

Health: -12/108    AC: 26    Str: 15    XL:     15   Next: 74%
Magic:  4/31       EV: 30    Int: 26    God:    Okawaru [*****.]
Gold:   1269       SH: 11    Dex: 23    Spells: 10 memorised, 11 levels left

rFire  . . .     SeeInvis .     a - +2 long sword (freeze)
rCold  x . .     Gourm    .     N - +3 troll leather armour
rNeg   . . .     Faith    .     b - +3 warlock's mirror {reflect}
rPois  +         Spirit   .     Z - +1 helmet
rElec  .         Reflect  +     l - +0 cloak
rCorr  .         Harm     .     n - +0 pair of gloves
MR     .....                    r - +2 pair of boots
Stlth  +++.......               H - amulet of Suspected Treachery {rPois rC- Regen+ Int+8 Dex+4}
                                D - +3 ring of evasion
                                k - ring of wizardry

@: icy armour, about to teleport, vulnerable, heroism, finesse, singing,
regenerating (expiring), slow
A: strong 1
a: Heroism, Finesse, Renounce Religion, Stop Singing


You were on level 11 of the Dungeon.
You worshipped Okawaru.
Okawaru was extremely pleased with you.
You were not hungry.

You visited 3 branches of the dungeon, and saw 18 of its levels.
You also visited: Ice Cave and Volcano.

You collected 1416 gold pieces.
You spent 147 gold pieces at shops.

Inventory:

Hand Weapons
 a - a +2 long sword of freezing (weapon)
 w - a +1 scimitar of holy wrath
Missiles
 e - 10 tomahawks (quivered)
 A - 2 throwing nets
 R - 4 javelins of penetration
Armour
 b - the +3 warlock's mirror (worn) {reflect}
   (You acquired it on level 5 of the Lair of Beasts)
 l - a +0 cloak (worn)
 n - a +0 pair of gloves (worn)
 r - a +2 pair of boots (worn)
 N - a +3 troll leather armour (worn)
 X - the -6 pair of boots "Vamutirch" {+Blink rF+ rCorr Stlth+}
   (Okawaru gifted it to you on level 11 of the Dungeon)

   It protects you from fire.
   It lets you blink.
   It protects you from acid and corrosion.
   It makes you more stealthy.
 Y - the -2 pair of boots of Cumeucziu {rElec rPois rF- Int+8 Dex+2}
   (You found it on level 10 of the Dungeon)

   It affects your intelligence (+8).
   It affects your dexterity (+2).
   It makes you vulnerable to fire.
   It insulates you from electricity.
   It protects you from poison.
 Z - a +1 helmet (worn)
Jewellery
 k - a ring of wizardry (left hand)
 p - an uncursed ring of resist corrosion
 q - an uncursed ring of ice
 t - an uncursed ring of protection from fire
 D - a +3 ring of evasion (right hand)
 H - the amulet of Suspected Treachery (around neck) {rPois rC- Regen+ Int+8 Dex+4}
   (You acquired it on level 8 of the Dungeon)

   [amulet of regeneration]

   It affects your intelligence (+8).
   It affects your dexterity (+4).
   It makes you vulnerable to cold.
   It protects you from poison.
   It increases your rate of regeneration.
Wands
 g - a wand of disintegration (3/24)
 i - a wand of digging (5/24)
 s - a wand of iceblast (1/15)
 I - a wand of lightning (6/15)
 Q - a wand of teleportation (4/9)
 S - a wand of flame (18/48)
 T - a wand of confusion (11/48)
 V - a wand of enslavement (4/24)
Scrolls
 x - 9 scrolls of remove curse
 y - 3 scrolls of identify
 O - a scroll of fog
Potions
 c - 3 potions of curing
 m - 2 potions of ambrosia
 u - 2 potions of berserk rage
 z - a potion of might
 B - a potion of flight
 K - 8 potions of lignification
 W - a potion of magic
Books
 f - a book of Misfortune

   Spells                             Type                      Level
   a - Confusing Touch                Hexes                        1
   b - Confuse                        Hexes                        3
   c - Gell's Gravitas                Hexes/Translocation          3
   d - Petrify                        Transmutation/Earth          4
   e - Metabolic Englaciation         Hexes/Ice                    5
   f - Yara's Violent Unravelling     Hexes/Transmutation          5
 C - a book of Fire

   Spells                             Type                      Level
   a - Ignite Poison                  Fire/Transmutation/Poison    3
   b - Fireball                       Conjuration/Fire             5
   c - Bolt of Fire                   Conjuration/Fire             6
   d - Delayed Fireball               Conjuration/Fire             7
   e - Ring of Flames                 Charms/Fire                  7
 E - the Almanac of Excruciating Snow
   (You found it on level 6 of the Lair of Beasts)

   Spells                             Type                      Level
   a - Searing Ray                    Conjuration                  2
   b - Mephitic Cloud                 Conjuration/Poison/Air       3
   c - Summon Ice Beast               Ice/Summoning                4
   d - Iron Shot                      Conjuration/Earth            6
   e - Freezing Cloud                 Conjuration/Ice/Air          6
   f - Bolt of Fire                   Conjuration/Fire             6
 P - a book of Frost

   Spells                             Type                      Level
   a - Freeze                         Ice                          1
   b - Throw Frost                    Conjuration/Ice              2
   c - Ozocubu's Armour               Charms/Ice                   3
   d - Throw Icicle                   Conjuration/Ice              4
   e - Summon Ice Beast               Ice/Summoning                4
Miscellaneous
 G - a crystal ball of energy
Comestibles
 d - 11 bread rations
 h - 9 slices of pizza
 j - 4 meat rations
 o - 9 fruits
 F - a chunk of flesh
 L - 4 beef jerkies
 U - a royal jelly


   Skills:
 * Level 12.0(17.0) Fighting
 + Level 13.8(18.8) Long Blades
 + Level 2.6(7.6) Throwing
 + Level 5.0(10.0) Armour
 + Level 11.1(16.1) Dodging
 + Level 7.4(12.4) Shields
 + Level 11.3 Spellcasting
 + Level 0.4 Conjurations
 + Level 4.4 Hexes
 + Level 12.0 Charms
 + Level 5.6 Translocations
 + Level 3.9 Ice Magic
 * Level 2.2 Air Magic
 + Level 5.3 Invocations
 + Level 2.6 Evocations


You had 11 spell levels left.
You knew the following spells:

 Your Spells              Type           Power        Failure   Level  Hunger
a - Song of Slaying       Chrm           ######..     1%          2    None
b - Shroud of Golubria    Chrm/Tloc      ######....   1%          2    None
c - Ozocubu's Armour      Chrm/Ice       ######..     1%          3    None
d - Throw Frost           Conj/Ice       ####..       1%          2    None
e - Ignite Poison         Fire/Tmut/Pois ##......     7%          3    None
f - Freeze                Ice            ####         1%          1    None
g - Confuse               Hex            #####...     1%          3    None
m - Mephitic Cloud        Conj/Pois/Air  ###.....     4%          3    None
r - Regeneration          Chrm/Necr      #####.....   1%          3    None
w - Spectral Weapon       Hex/Chrm       ######..     1%          3    None


Dungeon Overview and Level Annotations

Branches:
Dungeon (11/15)            Temple (1/1) D:4            Lair (6/6) D:10
 Shoals (0/4) Lair:2        Snake (0/4) Lair:4        Slime (0/5) Lair:5
    Orc (0/2) D:9

Altars:
Ashenzari
Cheibriados
Dithmenos
Elyvilon
Fedhas
Gozag
Hepliaklqana
Kikubaaqudgha
Makhleb
Nemelex Xobeh
Okawaru
Qazlal
Ru
Sif Muna
Trog
Uskayaw
Vehumet
Xom
Yredelemnul
Zin
The Shining One
Lugonu

Shops:
D:4 *   D:8 *   D:9 *   D:10 [[

Portals:
Sewer: D:5

Annotations:
D:5 tyranidshit's ghost, novice DsAK


Innate Abilities, Weirdness & Mutations

Your muscles are strong. (Str +2)


Message History

You block the phantasmal warrior's attack.
The skeletal warrior completely misses you.
Casting: Regeneration
Confirm with . or Enter, or press ? or * to list all spells.
Okay, then.
Evoke which item? (* to show all) (? for menu, Esc to quit)
Zapping:
I - a wand of lightning (6/15)
Press: ? - help, Shift-Dir - straight line, f - freezing wraith
Aim: a freezing wraith
Okay, then.
Unknown command.
Unknown command.
Okay, then.
You hit the skeletal warrior.
The skeletal warrior is heavily damaged.
You block the steam dragon's attack. The steam dragon barely misses you.
You hit the skeletal warrior but do no damage.
The skeletal warrior is heavily damaged.
The phantasmal warrior hits you!!
You die...

..##.......#
...........####..#
♣#.........<.....#
≈#.....##........#
.
.P.....##.#####..#
.. .#.P...##.#
#..# ...
##.....##.# #..#
(... .#)....##.#
#.D##z....
##.....##.#
#.@zYWW...
...#......#
#.W##W....
#....)....# #..#
... .......##.#
#..# .
.......##.#####..#
.......##........#
.....
.......##........#
....
.......##.####...#
...# .......##.#
#...# ...#


You could see 2 skeletal warriors, a phantasmal warrior, 2 freezing wraiths, a
wraith, a steam dragon and an ice beast.

Vanquished Creatures
  2 entropy weavers
  A red draconian (Volcano)
  Fannar (Lair:3)
  3 hydras
  3 catoblepae (Lair:6)
  A death knight (D:11)
  A queen ant (Lair:6)
  2 centaur warriors
  15 death yaks (Lair:6)
  A phantasmal warrior (D:11)
  A hill giant (D:11)
  A lindwurm (Lair:6)
  The ghost of PeterLawrence the Basher, a novice MiFi of Okawaru (D:6)
  2 ugly things (IceCv)
  A cyclops (D:10)
  23 elephants
  4 black mambas
  3 ice statues (IceCv)
  3 kobold demonologists (D:11)
  15 spiny frogs
  8 komodo dragons
  A rime drake (Lair:4)
  2 yaktaurs (Volcano)
  A troll (D:9)
  20 dream sheep
  A hornet (D:8)
  11 blink frogs
  11 hippogriffs
  Sigmund (D:5)
  A wraith (D:7)
  3 wyverns
  64 yaks
  3 basilisks
  3 hogs (D:8)
  A human (D:8)
  2 hungry ghosts
  2 steam dragons
  25 soldier ants (Lair:6)
  3 nagas (Lair:4)
  14 water moccasins
  8 porcupines
  7 orc warriors
  4 phantoms
  8 ice beasts
  A black bear (D:9)
  2 sky beasts
  A necrophage (D:11)
  An eye of draining (D:10)
  7 ogres
  13 centaurs
  11 wolves (Lair:3)
  2 big kobolds (D:8)
  13 crocodiles
  2 gnoll sergeants (D:9)
  14 bullfrogs
  A wyvern skeleton (D:7)
  4 scorpions
  A troll zombie (D:9)
  12 killer bees
  4 wights (D:11)
  2 howler monkeys
  3 electric eels
  5 crimson imps
  Crazy Yiuf (D:4)
  3 gnoll shamans
  9 orc priests
  13 hounds
  5 jellies
  2 bullfrog skeletons
  2 centaur skeletons
  3 iguanas
  22 worker ants
  6 hell rats (Lair:2)
  10 orc wizards
  A killer bee zombie (D:7)
  4 ogre zombies (D:9)
  A hound skeleton (D:7)
  A worker ant zombie (D:8)
  19 adders
  21 gnolls
  2 river rats (D:10)
  6 shadow imps
  12 white imps (Lair:3)
  An ooze (D:3)
  A dart slug (D:1)
  8 leopard geckos
  35 orcs
  10 giant cockroaches
  7 goblins
  20 hobgoblins
  24 jackals
  7 quokkas
  3 ball pythons
  20 bats
  9 frilled lizards
  2 goblin skeletons (D:9)
  A goblin zombie (D:9)
  A hobgoblin zombie (D:9)
  14 kobolds
  A leopard gecko skeleton (D:6)
  3 orc skeletons (D:9)
  12 orc zombies (D:9)
  A quokka skeleton (D:7)
  A quokka zombie (D:9)
  18 rats
  A plant (Lair:3)
730 creatures vanquished.

Vanquished Creatures (others)
  The ghost of Trampli the Brawler, a journeyman TrFi of Makhleb (Volcano)
  A bush (Lair:6)
  26 fungi
  31 plants
  35 spectral weapons
94 creatures vanquished.

Grand Total: 824 creatures vanquished

Notes
Turn   | Place    | Note
-------+----------+-------------------------------------------
     0 | D:1      | Lostpass the High Elf Skald began the quest for the Orb.
     0 | D:1      | Reached XP level 1. HP: 14/14 MP: 4/4
   209 | D:1      | Reached XP level 2. HP: 19/19 MP: 6/6
   448 | D:1      | Reached skill level 1 in Armour
   614 | D:1      | Learned a level 2 spell: Shroud of Golubria
   617 | D:1      | Learned a level 2 spell: Song of Slaying
   693 | D:1      | Reached XP level 3. HP: 9/24 MP: 3/7
  1382 | D:2      | Reached skill level 3 in Long Blades
  1512 | D:2      | Reached skill level 5 in Fighting
  1512 | D:2      | Reached skill level 5 in Long Blades
  1512 | D:2      | Reached XP level 4. HP: 35/35 MP: 8/11
  1860 | D:2      | Reached XP level 5. HP: 40/41 MP: 5/13
  1963 | D:2      | Reached skill level 5 in Spellcasting
  1973 | D:2      | Learned a level 3 spell: Regeneration
  1977 | D:2      | Learned a level 3 spell: Spectral Weapon
  2282 | D:3      | Found a sacrificial altar of Ru.
  2625 | D:3      | Reached XP level 6. HP: 46/46 MP: 11/14
  2818 | D:3      | Reached skill level 1 in Hexes
  2885 | D:3      | Found a stormy altar of Qazlal.
  3256 | D:4      | Found a staircase to the Ecumenical Temple.
  3347 | Temple   | Entered the Ecumenical Temple
  3567 | Temple   | Became a worshipper of Warmaster Okawaru
  3636 | D:4      | Reached XP level 7. HP: 17/51 MP: 7/16
  3976 | D:4      | Found Esiffo's Assorted Antiques.
  3988 | D:4      | Reached skill level 1 in Translocations
  4001 | D:4      | HP: 2/52 [phantom (3)]
  4022 | D:4      | Reached * piety under Okawaru
  4277 | D:4      | Bought a scroll of identify for 50 gold pieces
  4277 | D:4      | Bought a sedimented blue potion for 22 gold pieces
  4376 | D:4      | Found a runed door.
  4380 | D:4      | Noticed Crazy Yiuf
  4393 | D:4      | Killed Crazy Yiuf
  4631 | D:4      | Reached skill level 1 in Invocations
  4768 | D:4      | Reached XP level 8. HP: 44/57 MP: 13/17
  4835 | D:5      | Entered Level 5 of the Dungeon
  4854 | D:5      | Found a glowing silver altar of Zin.
  4854 | D:5      | Found a burning altar of Makhleb.
  4855 | D:5      | Noticed a balrug
  4855 | D:5      | Noticed an angel
  4931 | D:5      | Found a hide-covered altar of Uskayaw.
  5005 | D:5      | Reached skill level 6 in Long Blades
  5031 | D:5      | Noticed Sigmund
  5033 | D:5      | Gained mutation: You are partially covered in thin metallic scales. (AC +2) [potion of mutation]
  5033 | D:5      | Gained mutation: You possess an exceptional clarity of mind. [potion of mutation]
  5033 | D:5      | Gained mutation: Scrolls take you a little longer to read. [potion of mutation]
  5045 | D:5      | Killed Sigmund
  5110 | D:5      | Lost mutation: You possess an exceptional clarity of mind. [potion of cure mutation]
  5110 | D:5      | Lost mutation: You are partially covered in thin metallic scales. (AC +2) [potion of cure mutation]
  5110 | D:5      | Lost mutation: Scrolls take you a little longer to read. [potion of cure mutation]
  5141 | D:5      | Noticed tyranidshit's ghost (novice DsAK)
  5197 | D:5      | Found a glowing drain.
  5585 | D:6      | Got a faintly glowing hand axe
  5586 | D:6      | Identified the +4 hand axe of Luxury {chop, rElec} (You found it on level 6 of the Dungeon)
  5592 | D:6      | Noticed PeterLawrence's ghost (novice MiFi)
  5694 | D:6      | Killed PeterLawrence's ghost
  5694 | D:6      | Reached ** piety under Okawaru
  5789 | D:6      | HP: 2/58 [orc warrior/short sword (17)]
  6257 | D:6      | Reached XP level 9. HP: 63/63 MP: 18/20
  6262 | D:6      | Gained mutation: You are agile. (Dex +2) [mutagenic meat]
  6263 | D:6      | Gained mutation: You are surrounded by a mild repulsion field. (EV +2) [mutagenic meat]
  6264 | D:6      | Gained mutation: Your body sometimes deteriorates upon taking damage. [mutagenic meat]
  6265 | D:6      | Lost mutation: You are agile. (Dex +2) [mutagenic meat]
  6266 | D:6      | Gained mutation: Your muscles are strong. (Str +2) [mutagenic meat]
  6741 | D:7      | Found a shimmering altar of Xom.
  6837 | D:7      | Found a snail-covered altar of Cheibriados.
  6841 | D:7      | Found a deep blue altar of Sif Muna.
  6844 | D:7      | Reached skill level 7 in Long Blades
  6851 | D:7      | Reached *** piety under Okawaru
  6855 | D:7      | Found a shadowy altar of Dithmenos.
  7175 | D:7      | Found a bloodstained altar of Trog.
  8183 | D:8      | Identified a scroll of acquirement
  8184 | D:8      | Got a pitted bone amulet
  8185 | D:8      | Identified the amulet of Suspected Treachery {rPois rC- Regen+ Int+8 Dex+4} (You acquired it on level 8 of the Dungeon)
  8329 | D:8      | Reached **** piety under Okawaru
  8329 | D:8      | Reached skill level 8 in Long Blades
  8329 | D:8      | Reached XP level 10. HP: 63/71 MP: 17/22
  8436 | D:8      | Found an opulent altar of Gozag.
  8440 | D:8      | Found Gozag's Platinum Reserve.
  8640 | D:8      | Found a basalt altar of Yredelemnul.
  8711 | D:8      | Found a white marble altar of Elyvilon.
  8942 | D:8      | Gained mutation: Your flesh is cold resistant. (rC+) [mutagenic meat]
  8943 | D:8      | Gained mutation: Your spells are a little easier to cast, but a little less powerful. [mutagenic meat]
  8944 | D:8      | Gained mutation: You have sharp fingernails. [mutagenic meat]
  9439 | D:9      | Found a hazy altar of Hepliaklqana.
  9575 | D:9      | Reached skill level 9 in Long Blades
  9797 | D:9      | Learned a level 3 spell: Ozocubu's Armour
  9799 | D:9      | Learned a level 1 spell: Freeze
  9802 | D:9      | Learned a level 2 spell: Throw Frost
  9930 | D:9      | Reached ***** piety under Okawaru
  9940 | D:9      | Received a gift from Okawaru
  9975 | D:9      | Found an iron altar of Okawaru.
 10094 | D:9      | Found a staircase to the Orcish Mines.
 10190 | D:9      | Found Hyxuokev's General Store.
 10197 | D:9      | Bought a scroll of fog for 30 gold pieces
 10408 | D:9      | Reached XP level 11. HP: 76/77 MP: 19/24
 10539 | D:10     | Entered Level 10 of the Dungeon
 10688 | D:10     | Found Ihialug's Armour Emporium.
 10697 | D:10     | Bought a +0 buckler for 45 gold pieces
 10839 | D:10     | Found a staircase to the Lair.
 10939 | D:10     | Noticed a centaur warrior
 10960 | D:10     | Killed a centaur warrior
 10960 | D:10     | Received a gift from Okawaru
 10960 | D:10     | Reached skill level 10 in Long Blades
 10997 | D:10     | Got a pair of pitted boots
 11008 | D:10     | Identified the cursed -2 pair of boots of Cumeucziu {rElec rPois rF- Int+8 Dex+2} (You found it on level 10 of the Dungeon)
 11050 | D:10     | Found Bikoatyo's Armour Shop.
 11588 | Lair:1   | Entered Level 1 of the Lair of Beasts
 11681 | Lair:1   | Reached skill level 1 in Ice Magic
 12650 | Lair:2   | Found a staircase to the Shoals.
 12869 | Lair:2   | Reached skill level 1 in Shields
 13026 | Lair:2   | Reached ****** piety under Okawaru
 13166 | Lair:2   | Reached skill level 11 in Long Blades
 13534 | Lair:2   | Reached XP level 12. HP: 80/85 MP: 17/26
 13900 | Lair:3   | Noticed Fannar
 13938 | Lair:3   | Killed Fannar
 13938 | Lair:3   | Received a gift from Okawaru
 14015 | Lair:3   | Found a frozen archway.
 14093 | IceCv    | Entered an ice cave
 14445 | IceCv    | Got a crystal rapier
 14446 | IceCv    | Identified the +4 rapier "Feyseec" {freeze, rC++} (You found it in an ice cave)
 14454 | IceCv    | Got warped ice dragon scales
 14465 | IceCv    | Identified the +7 ice dragon scales of Sin {rF- rC++ Str+8 Int-4 SInv Stlth+} (You found it in an ice cave)
 14468 | IceCv    | Got an encrusted arbalest
 15562 | Lair:4   | Gained mutation: You have a pair of small horns on your head. [potion of mutation]
 15562 | Lair:4   | Lost mutation: Your muscles are strong. (Str +2) [potion of mutation]
 15745 | Lair:4   | Reached skill level 1 in Throwing
 15746 | Lair:4   | Found a staircase to the Snake Pit.
 15872 | Lair:4   | Reached skill level 10 in Charms
 15882 | Lair:4   | Reached skill level 12 in Long Blades
 16218 | Lair:4   | Reached XP level 13. HP: 92/92 MP: 23/27
 16412 | Lair:4   | Reached skill level 10 in Dodging
 16686 | Lair:5   | Received a gift from Okawaru
 16686 | Lair:5   | Reached skill level 10 in Fighting
 16701 | Lair:5   | Reached skill level 10 in Spellcasting
 16768 | Lair:5   | Found a staircase to the Slime Pits.
 16996 | Lair:5   | Found a dark tunnel.
 17008 | Volcano  | Entered a volcano
 17032 | Volcano  | Found a bloodstained altar of Trog.
 17039 | Volcano  | Noticed a red draconian
 17066 | Volcano  | Killed a red draconian
 17066 | Volcano  | Reached skill level 5 in Shields
 17093 | Volcano  | Reached skill level 5 in Translocations
 17093 | Volcano  | Reached skill level 5 in Invocations
 17093 | Volcano  | Reached skill level 1 in Evocations
 17093 | Volcano  | Reached XP level 14. HP: 99/99 MP: 21/29
 17095 | Volcano  | Noticed Trampli's ghost (journeyman TrFi)
 17105 | Volcano  | Received a gift from Okawaru
 17161 | Volcano  | Killed Trampli's ghost
 17512 | Lair:5   | Learned a level 3 spell: Ignite Poison
 17516 | Lair:6   | Entered Level 6 of the Lair of Beasts
 17929 | Lair:6   | Noticed an entropy weaver
 17943 | Lair:6   | Noticed an entropy weaver
 17968 | Lair:6   | Reached skill level 13 in Long Blades
 18250 | Lair:5   | Killed an entropy weaver
 18456 | Lair:6   | Reached skill level 5 in Armour
 18688 | Lair:6   | Received a gift from Okawaru
 18694 | Lair:6   | Got a smoking flail {god gift}
 18695 | Lair:6   | Identified the +6 flail of Egalitarianism {antimagic, rN+ Str-2 Int+3} (Okawaru gifted it to you on level 6 of the Lair of Beasts)
 18741 | Lair:6   | Reached XP level 15. HP: 106/106 MP: 9/30
 19434 | Lair:6   | Received a gift from Okawaru
 19688 | Lair:6   | Identified the Almanac of Excruciating Snow
 19703 | Lair:6   | Learned a level 3 spell: Mephitic Cloud
 20553 | Lair:1   | Lost mutation: Your flesh is cold resistant. (rC+) [potion of cure mutation]
 20553 | Lair:1   | Lost mutation: You are surrounded by a mild repulsion field. (EV +2) [potion of cure mutation]
 20553 | Lair:1   | Lost mutation: You have sharp fingernails. [potion of cure mutation]
 20554 | Lair:1   | Lost mutation: Your body sometimes deteriorates upon taking damage. [potion of cure mutation]
 20554 | Lair:1   | Lost mutation: Your spells are a little easier to cast, but a little less powerful. [potion of cure mutation]
 20554 | Lair:1   | Lost mutation: You have a pair of small horns on your head. [potion of cure mutation]
 20692 | D:11     | Found a corrupted altar of Lugonu.
 20719 | D:11     | Reached skill level 1 in Air Magic
 20792 | D:11     | Received a gift from Okawaru
 20793 | D:11     | Got a pair of faintly glowing boots {god gift}
 20824 | D:11     | Identified the -6 pair of boots "Vamutirch" {+Blink rF+ rCorr Stlth+} (Okawaru gifted it to you on level 11 of the Dungeon)
 20906 | D:11     | Learned a level 3 spell: Confuse
 21030 | D:11     | Gained mutation: Your muscles are strong. (Str +2) [potion of beneficial mutation]
 21406 | D:11     | HP: 2/108 [phantasmal warrior[a death knight] (27)]
 21410 | D:11     | Mangled by a phantasmal warrior

Skill      XL: |  1  2  3  4  5  6  7  8  9 10 11 12 13 14 15 |
---------------+----------------------------------------------+-----
Charms         | 4 6 7 8 9 10 11 12 | 12.0
Armour         | 1 3 4 5 |  5.0
Long Blades    | 5 6 8 9 11 12 13 | 13.8
Dodging        | 6 7 8 9 10 11 | 11.1
Fighting       | 5 6 7 9 10 11 12 | 12.0
Spellcasting   | 4 5 6 7 8 9 10 11 | 11.3
Hexes          | 1 2 3 4 |  4.4
Translocations | 1 2 3 4 5 |  5.6
Invocations    | 1 2 3 4 5 |  5.3
Ice Magic      | 1 3 |  3.9
Shields        | 1 4 5 6 7 |  7.4
Throwing       | 1 2 |  2.6
Evocations     | 1 2 |  2.6
Air Magic      | 2 |  2.2
Conjurations   | |  0.4

Action                   |  1- 3 |  4- 6 |  7- 9 | 10-12 | 13-15 || total
-------------------------+-------+-------+-------+-------+-------++-------
Melee: Falchion          |   118 |   102 |       |       |       ||   220
       Long sword        |       |    93 |   406 |   942 |  1047 ||  2488
       Scimitar          |       |       |       |   331 |       ||   331
       Headbutt          |       |       |       |    20 |   324 ||   344
 Fire: Blowgun           |       |       |       |     2 |       ||     2
Throw: Tomahawk          |       |     3 |    12 |    21 |    15 ||    51
       Javelin           |       |       |       |     4 |     8 ||    12
       Throwing net      |       |       |       |       |     1 ||     1
 Cast: Shroud of Golubri |     9 |    27 |    54 |   114 |    82 ||   286
       Infusion          |     2 |       |       |       |       ||     2
       Song of Slaying   |     1 |    12 |    16 |    33 |    10 ||    72
       Spectral Weapon   |       |     2 |    16 |    35 |    45 ||    98
       Regeneration      |       |     4 |    24 |    26 |    23 ||    77
       Ozocubu's Armour  |       |       |       |    32 |    47 ||    79
       Freeze            |       |       |       |    21 |    11 ||    32
       Mephitic Cloud    |       |       |       |       |     3 ||     3
Invok: Heroism           |       |       |     9 |     4 |    20 ||    33
       Finesse           |       |       |       |       |     3 ||     3
 Abil: Stop Singing      |       |     1 |     2 |     3 |     1 ||     7
Evoke: Wand              |       |     1 |     7 |     1 |    22 ||    31
  Use: Scroll            |     6 |     2 |    14 |    12 |    14 ||    48
       Potion            |     1 |     7 |     7 |     4 |    12 ||    31
 Stab: Sleeping          |     4 |       |       |     3 |       ||     7
       Distracted        |       |       |     2 |     3 |    17 ||    22
       Held in net/web   |       |       |       |       |     5 ||     5
       Confused          |       |       |       |       |     4 ||     4
       Petrified         |       |       |       |       |     4 ||     4
  Eat: Chunk             |     3 |     8 |    18 |    32 |    11 ||    72
       Beef jerky        |       |       |     1 |     1 |       ||     2
       Meat ration       |       |       |     1 |       |     2 ||     3
Armor: Leather armour    |    41 |    40 |    91 |    43 |       ||   215
       Skin              |       |       |     8 |       |       ||     8
       Troll leather arm |       |       |       |   251 |   215 ||   466
       Ice dragon scales |       |       |       |     1 |       ||     1
Dodge: Dodged            |    79 |   211 |   409 |  1321 |  1024 ||  3044
Block: Buckler           |       |       |       |   187 |   479 ||   666
       Reflection        |       |       |       |       |     5 ||     5
       Rpst.: Falchion   |    28 |    37 |       |       |       ||    65
       Long sword        |       |    26 |   123 |   258 |   253 ||   660
       Scimitar          |       |       |       |   110 |       ||   110
